 Dungeon Crawl Stone Soup version 0.24.0-7-gb3623d2c88 (webtiles) character file.

Game seed: 6017614110979450569, levelgen mode: deterministic

5616 wullow the Covert (level 10, -12/92 HPs)
             Began as a Naga Wanderer on Nov 2, 2019.
             Was an Elder of Okawaru.
             Mangled by an ogre
             ... wielding a +0 giant club
              (16 damage)
             ... on level 9 of the Dungeon.
             The game lasted 00:52:22 (9329 turns).

wullow the Covert (Naga Wanderer)                   Turns: 9329, Time: 00:52:23

Health: -12/92     AC: 12    Str: 19      XL:     10   Next: 73%
Magic:  15/15      EV:  6    Int:  7      God:    Okawaru [****..]
Gold:   572        SH:  0    Dex: 14 (17) Spells: 15/16 levels left

rFire    . . .     SeeInvis +   e - +2 dagger (venom)
rCold    + + .     Gourm    .   (no shield)
rNeg     + + .     Faith    .   x - +2 ring mail {rC+}
rPois    +         Spirit   .   A - +2 helmet
rElec    .         Reflect  .   B - +2 cloak of Etuetoy {rN++ Int-4 Dex+3 Stlth+}
rCorr    .         Harm     .   (no gloves)
MR       +....                  p - +0 naga barding
Stlth    +++++.....             (no amulet)
HPRegen  0.25/turn              F - ring of protection from cold
MPRegen  0.14/turn              L - +3 ring of strength

@: corroded, very slow
A: large, see invisible, deformed body, poison resistance, slowness 2, slow
metabolism 1, spit poison 1, AC +3
a: Spit Poison, Heroism, Renounce Religion


You were on level 9 of the Dungeon.
You worshipped Okawaru.
Okawaru was greatly pleased with you.
You were not hungry.

You visited 2 branches of the dungeon, and saw 10 of its levels.
You also visited: Sewer.

You collected 572 gold pieces.

Inventory:

Hand Weapons
 d - a +2 hand axe of chopping
 e - a +2 dagger of venom (weapon)
 q - a +1 hand axe of flaming
 u - a cursed -3 dagger
 H - a +0 war axe
 I - a +0 shortbow
 J - a +0 rapier
Missiles
 b - 37 bolts
 i - 253 stones (quivered)
 k - 139 arrows
 o - 42 poisoned darts
 v - 93 sling bullets
 G - 10 boomerangs
Armour
 p - a +0 naga barding (worn)
 s - a +0 cloak
 x - a +2 ring mail of cold resistance (worn)
 A - a +2 helmet (worn)
 B - the +2 cloak of Etuetoy (worn) {rN++ Int-4 Dex+3 Stlth+}
   (You found it on level 4 of the Dungeon)

   It affects your intelligence (-4).
   It affects your dexterity (+3).
   It greatly protects you from negative energy.
   It makes you more stealthy.
 Q - a +0 pair of gloves
Jewellery
 t - a +5 ring of dexterity
 F - a ring of protection from cold (left hand)
 L - a +3 ring of strength (right hand)
 O - an uncursed ring of poison resistance {unknown}
Wands
 h - a wand of random effects (11)
 y - a wand of paralysis (20)
 C - a wand of flame (17)
 R - a wand of polymorph (9)
Scrolls
 a - 4 scrolls of remove curse
 j - 4 scrolls of identify
 z - 4 scrolls of teleportation
 D - a scroll of blinking
 K - a scroll of fog {unknown}
 N - a scroll of holy word {unknown}
 S - a scroll of amnesia
Potions
 c - 2 potions of lignification
 g - a potion of cancellation
 l - 3 potions of brilliance
 n - a potion of mutation
 r - 2 potions of agility
 w - 2 potions of curing
 E - a potion of haste
 M - a potion of might
 P - a potion of magic
Comestibles
 f - 11 rations


   Skills:
 + Level 6.6 Fighting
 + Level 7.4 Short Blades
 + Level 4.9 Axes
 - Level 1.7 Bows
 - Level 1.0 Throwing
 + Level 5.2 Armour
 + Level 10.3 Stealth
 + Level 3.8 Spellcasting
 + Level 4.1 Hexes
   Level 3.0 Fire Magic


You had 15 spell levels left.
You knew the following spells:

 Your Spells              Type           Power        Failure   Level  Hunger
a - Confusing Touch       Hex            #.....       10%         1    ##.....

Your spell library contained the following spells:

 Spells                   Type           Power        Failure   Level  Hunger
 Corona                   Hex            #......      10%         1    ##.....
 Slow                     Hex            #.......     14%         2    ###....
 Confuse                  Hex            #.......     28%         3    ####...
 Tukima's Dance           Hex            #.......     28%         3    ####...
 Ensorcelled Hibernation  Hex/Ice        #.....       32%         2    ###....
 Animate Skeleton         Necr           N/A          45%         1    ##.....
 Apportation              Tloc           #.....       45%         1    ##.....
 Magic Dart               Conj           #...         45%         1    ##.....
 Pain                     Necr           #...         45%         1    ##.....
 Summon Small Mammal      Summ           #...         45%         1    ##.....
 Dazzling Spray           Conj/Hex       #.....       54%         3    ####...
 Searing Ray              Conj           #.....       61%         2    ###....
 Regeneration             Chrm/Necr      #.........   83%         3    ####...
 Vampiric Draining        Necr           #.........   83%         3    ####...
 Fulminant Prism          Conj/Hex       #.........   91%         4    #####..
 Animate Dead             Necr           N/A          99%         4    #####..
 Force Lance              Conj/Tloc      #.......     99%         4    #####..
 Iskenderun's Mystic Bla  Conj           #.......     99%         4    #####..


Dungeon Overview and Level Annotations

Branches:
Dungeon (9/15)             Temple (1/1) D:5            Lair (0/6) D:8
  Sewer (visited)
    Orc: D:9-12

Altars:
Ashenzari
Cheibriados
Dithmenos
Elyvilon
Fedhas
Gozag
Hepliaklqana
Kikubaaqudgha
Makhleb
Nemelex Xobeh
Okawaru
Qazlal
Ru
Sif Muna
Trog
Uskayaw
Vehumet
Wu Jian
Xom
Yredelemnul
Zin
The Shining One

Shops:
D:8 *

Annotations:
D:8 2 runed translucent doors, exclusion: 2 doors, grouchysmurf's ghost, novice KoHu


Innate Abilities, Weirdness & Mutations

You cannot wear boots.
Your serpentine skin is tough. (AC +3)
You have supernaturally acute eyesight. (SInv)
Armour fits poorly on your strangely shaped body.
Your system is resistant to poisons. (rPois)
You cover ground very slowly.
You have a slow metabolism.
You can spit poison.


Message History

The ogre barely misses you.
You hit the jelly.
The jelly looks as sick as possible!
Your hands burn!
The jelly is almost dead.
The jelly closely misses you.
You barely miss the jelly.
The jelly is almost dead.
The ogre hits you with a +0 giant club!!
* * * LOW HITPOINT WARNING * * *
The jelly hits you.
* * * LOW HITPOINT WARNING * * *
You are splashed with acid!
* * * LOW HITPOINT WARNING * * *
You hit the jelly but do no damage.
Your hands burn!
* * * LOW HITPOINT WARNING * * *
The jelly is almost dead.
You hit the jelly.
You kill the jelly!
Okawaru accepts your kill. The ogre hits you with a +0 giant club!
You die...

#.....##......#
#..†..##......##....#
#......#.......#....##
#..<...#.......+.....#
#......#......##.....#
#.....#######'# ....##
#.....##......##.....#
#..>...........O....#
#..............@....#
#....................#
#............?##....##
........# ....#
######### .....#
>....# .....# ....##


You could see an ogre.

Vanquished Creatures
  A two-headed ogre (D:8)
  The ghost of Aviak the Skirmisher, an amateur HOAs (D:4)
  Eustachio (D:5)
  The ghost of Esekla the Ducker, an amateur SpSk of Gozag (D:3)
  4 yaks
  A steam dragon (D:8)
  2 wargs (D:8)
  An orc warrior (D:8)
  An ice beast (D:8)
  4 sky beasts
  A necrophage (D:6)
  A phantom (D:6)
  The ghost of wullow the Vexing, an amateur NaWn (D:3)
  3 ogres
  The ghost of Elvalys the Cutter, an amateur DsGl (D:3)
  2 centaurs
  9 bullfrogs
  4 scorpions
  A wyvern skeleton (D:6)
  The ghost of Aviak the Sneak, a weakling DgEn (D:3)
  2 howler monkeys
  4 crimson imps
  3 quasits (D:4)
  3 hounds
  2 jellies
  A centaur zombie (D:5)
  5 orc priests
  Crazy Yiuf (D:4)
  A bullfrog skeleton (D:7)
  3 orc wizards
  Ijyb (D:4)
  2 iguanas
  4 worker ants
  A killer bee zombie (D:6)
  The ghost of Lanoc the Chopper, a weakling DsGl (D:3)
  Robin (D:2)
  4 gnolls (D:7)
  13 adders
  3 shadow imps
  2 adder skeletons (D:4)
  8 worms
  A dart slug (D:1)
  15 leopard geckos
  24 orcs
  4 ball pythons
  6 giant cockroaches
  17 goblins
  11 hobgoblins
  11 jackals
  7 quokkas
  8 bats
  10 frilled lizards
  4 kobolds
  A leopard gecko zombie (D:6)
  12 rats
237 creatures vanquished.

Notes
Turn   | Place    | Note
-------+----------+-------------------------------------------
     0 | D:1      | wullow the Naga Wanderer began the quest for the Orb.
     0 | D:1      | wullow set off with the following items: a +0 club, a
                  | potion of lignification, a +2 scale mail, a ration; and the
                  | following spells available to memorise: Ensorcelled
                  | Hibernation, Slow
     0 | D:1      | Reached XP level 1. HP: 18/18 MP: 1/1
    19 | D:1      | Reached skill level 2 in Stealth
   103 | D:1      | Reached XP level 2. HP: 25/25 MP: 2/2
   950 | D:2      | Noticed Robin
   957 | D:2      | Reached XP level 3. HP: 31/31 MP: 3/3
   961 | D:2      | Reached skill level 1 in Short Blades
  1175 | D:2      | Killed Robin
  1175 | D:2      | Reached skill level 3 in Stealth
  1296 | D:2      | Reached XP level 4. HP: 36/39 MP: 4/4
  2224 | D:3      | Reached XP level 5. HP: 45/45 MP: 5/5
  2254 | D:3      | Found a runed translucent gate.
  2254 | D:3      | Found a runed translucent gate.
  2254 | D:3      | Found a runed translucent gate.
  2256 | D:3      | Noticed wullow's ghost (amateur NaWn)
  2256 | D:3      | Noticed Lanoc's ghost (weakling DsGl)
  2256 | D:3      | Noticed Aviak's ghost (weakling DgEn)
  2256 | D:3      | Noticed Esekla's ghost (amateur SpSk)
  2257 | D:3      | Noticed Elvalys's ghost (amateur DsGl)
  2510 | D:4      | Noticed Ijyb
  2519 | D:4      | Killed Ijyb
  2529 | D:4      | Found a transporter.
  2568 | D:4      | Reached skill level 1 in Spellcasting
  2663 | D:4      | Found a transporter.
  2673 | D:4      | Noticed Aviak's ghost (amateur HOAs)
  2714 | D:4      | Reached skill level 4 in Stealth
  2714 | D:4      | Reached XP level 6. HP: 51/55 MP: 7/7
  2762 | D:4      | Got a faintly humming cloak
  2773 | D:4      | Identified the +2 cloak of Etuetoy {rN++ Int-4 Dex+3
                  | Stlth+} (You found it on level 4 of the Dungeon)
  2892 | D:4      | Found a runed translucent door.
  2893 | D:4      | Noticed Crazy Yiuf
  3007 | D:4      | Found a glowing drain.
  3013 | Sewer    | Entered a sewer
  3130 | Sewer    | Reached XP level 7. HP: 60/62 MP: 8/8
  3197 | Sewer    | Reached skill level 5 in Stealth
  3614 | D:4      | Killed Crazy Yiuf
  3697 | D:5      | Entered Level 5 of the Dungeon
  3792 | D:5      | Reached skill level 6 in Stealth
  3811 | D:5      | Reached skill level 5 in Short Blades
  3932 | D:5      | Found a staircase to the Ecumenical Temple.
  3941 | Temple   | Entered the Ecumenical Temple
  3945 | Temple   | Became a worshipper of Warmaster Okawaru
  4264 | D:5      | Reached XP level 8. HP: 72/72 MP: 9/9
  4328 | D:5      | Noticed Eustachio
  4338 | D:5      | Killed Eustachio
  4341 | D:5      | Reached * piety under Okawaru
  4341 | D:5      | Reached skill level 7 in Stealth
  4558 | D:5      | Found a basalt altar of Yredelemnul.
  4858 | D:6      | Reached skill level 5 in Fighting
  4983 | D:6      | Reached skill level 8 in Stealth
  5017 | D:6      | Reached skill level 1 in Axes
  5017 | D:6      | Reached XP level 9. HP: 75/81 MP: 11/11
  5287 | D:6      | Reached ** piety under Okawaru
  5447 | D:6      | You fall into a shaft and drop 1 floor!
  5447 | D:7      | Found a bloodstained altar of Trog.
  5448 | D:7      | Noticed a moth of wrath
  5720 | D:7      | Found a white marble altar of Elyvilon.
  5965 | D:7      | Learned a level 1 spell: Confusing Touch
  6080 | D:7      | Reached skill level 9 in Stealth
  6488 | D:7      | Reached skill level 1 in Hexes
  6707 | D:8      | Found a staircase to the Lair.
  7203 | D:8      | Reached *** piety under Okawaru
  7407 | D:8      | Noticed a two-headed ogre
  7481 | D:8      | Killed a two-headed ogre
  7481 | D:8      | Reached XP level 10. HP: 90/90 MP: 12/14
  7554 | D:8      | Found a large runed translucent door.
  7583 | D:8      | Found a large runed translucent door.
  7583 | D:8      | Noticed grouchysmurf's ghost (novice KoHu)
  7966 | D:8      | Reached **** piety under Okawaru
  7994 | D:8      | Found Lontedey's General Store.
  8385 | D:4      | Reached skill level 5 in Armour
  8415 | D:4      | Killed Aviak's ghost
  8545 | D:3      | Killed Esekla's ghost
  8545 | D:3      | Reached skill level 10 in Stealth
  8554 | D:3      | Killed wullow's ghost
  8561 | D:3      | Killed Elvalys's ghost
  8572 | D:3      | Killed Aviak's ghost
  8587 | D:3      | Killed Lanoc's ghost
  9328 | D:9      | HP: 3/92 [acid (3)]
  9329 | D:9      | Mangled by an ogre

Levels and vault maps discovered:
D:1:      noname_arrival_rooms_in_the_neighbourhood, layout_basic
D:2:      layout_loops_ring, first_ration, uniq_robin
D:3:      layout_loops_ring, gammafunk_ghost_cemetery
D:4:      layout_rooms, gammafunk_ghost_stat_death, portal_sewer_entry_e,
          uniq_ijyb, uniq_crazy_yiuf_cottage
D:5:      layout_basic, minmay_temple_entry_stoned_glass,
          yredelemnul_altar_generic, uniq_eustachio
D:6:      layout_basic
D:7:      layout_rooms, tgw_trog, grunt_ministairs_3, elyvilon_altar_4
D:8:      layout_rooms, erik_lair_orcish_takeover, serial_shops, shop,
          ebering_ghost_disaster_area
D:9:      layout_gridville, david_orc_1_choice
Temple:   dpeg_three_leaves_temple

Skill      XL: |  1  2  3  4  5  6  7  8  9 10 |
---------------+-------------------------------+-----
Stealth        | 2 3 4 6 8 9 10 | 10.3
Armour         | 2 3 4 5 |  5.2
Short Blades   | 1 2 3 5 6 7 |  7.4
Fighting       | 2 3 4 5 6 |  6.6
Spellcasting   | 1 3 |  3.8
Axes           | 1 4 |  4.9
Hexes          | 3 4 |  4.1
Bows           | |  1.7
Throwing       | |  1.0
Fire Magic     | |  3.0

Action                   |  1- 3 |  4- 6 |  7- 9 | 10-12 || total
-------------------------+-------+-------+-------+-------++-------
Melee: Club              |    13 |       |       |       ||    13
       Dagger            |    75 |   166 |   583 |   189 ||  1013
       Hand axe          |       |       |       |    87 ||    87
       Punch             |       |       |       |     2 ||     2
Throw: Stone             |       |     1 |    12 |     4 ||    17
 Cast: Confusing Touch   |       |       |       |     6 ||     6
Invok: Heroism           |       |       |       |     4 ||     4
 Abil: Spit Poison       |    20 |     9 |    12 |     5 ||    46
Evoke: Wand              |       |       |     1 |       ||     1
  Use: Scroll            |     6 |     6 |     7 |     1 ||    20
       Potion            |     1 |     1 |     1 |     1 ||     4
 Stab: Sleeping          |       |       |    10 |       ||    10
       Distracted        |       |       |     2 |       ||     2
       Paralysed         |       |       |     1 |       ||     1
       Confused          |       |       |       |    11 ||    11
  Eat: Chunk             |     2 |     6 |     9 |     3 ||    20
       Ration            |       |       |     1 |     1 ||     2
Armor: Scale mail        |    67 |   120 |    76 |       ||   263
       Ring mail         |       |       |   256 |   287 ||   543
Dodge: Dodged            |    39 |    43 |   134 |   111 ||   327
